 Dungeon Crawl Stone Soup version 0.32-a0-361-g289a535e89 (webtiles) character file.

Game seed: 14687152492667316010

578417 RBrandon the Necromancer (level 25, -30/182 HPs)
             Began as a Mummy Monk on Jan 17, 2024.
             Was a Follower of Uskayaw.
             Killed from afar by Qoiruq the pandemonium lord (56 damage)
             ... with a great blast of fire
             ... on level 1 of the Dungeon on Feb 19, 2024.
             The game lasted 05:25:57 (79948 turns).

RBrandon the Necromancer (Mummy Monk)              Turns: 79948, Time: 05:25:58

Health: -30/182    AC: 27    Str: 21    XL:     25   Next: 85%
Magic:  30/47      EV: 19    Int: 21    God:    Uskayaw [*.....]
Gold:   3368       SH: 21    Dex: 21    Spells: 4/47 levels left

rFire   + . .        a - +7 demon whip (heavy)
rCold   + + +        S - +1 kite shield {rC+ rF+}
rNeg    + + +        c - +4 scale mail "Futianes" {Rampage Regen+ MP+9}
rPois   ∞            R - +2 helmet
rElec   +            D - +2 cloak {rC+}
rCorr   .            W - +2 pair of gloves {Str+3}
SInv    .            h - +1 pair of boots of the Vanishing Xalams {rElec Regen+}
Will    +....        g - amulet of reflection Stlth
                     G - ring of protection from fire
HPRegen 2.10/turn    U - ring "Zohud" {Int+6 Dex+4}
MPRegen 0.30/turn

%: reflection, rampage, faith
@: weak-willed, very slightly contaminated
A: cold resistance 1, negative energy resistance 3, torment resistance 2, heat
vulnerability 1, in touch with death 2, no potions, faith
0: Orb of Zot
}: 3/15 runes: decaying, serpentine, silver
a: Renounce Religion, Stomp


You were on level 1 of the Dungeon.
You worshipped Uskayaw.
Uskayaw was aware of your devotion.
You visited 9 branches of the dungeon, and saw 47 of its levels.
You also visited: Ice Cave.

You collected 6795 gold pieces.
You spent 3427 gold pieces at shops.

Inventory:

Hand Weapons
 a - a +7 heavy demon whip (weapon)
   (You found it in an ice cave)
Missiles
 l - 18 atropa-tipped darts
 z - a throwing net (quivered)
 F - 11 curare-tipped darts
Armour
 c - the +4 scale mail "Futianes" (worn) {Rampage Regen+ MP+9}
   (You found it on level 5 of the Lair of Beasts)

   MP+9:      It affects your magic capacity (+9).
   Regen+:    It increases your rate of health regeneration.
   Rampage:   It bestows one free step when moving towards enemies.
 e - an orb of mayhem
   (You found it on level 4 of the Swamp)
 h - the +1 pair of boots of the Vanishing Xalams (worn) {rElec Regen+}
   (You found it on level 5 of the Realm of Zot)

   rElec:     It insulates you from electricity.
   Regen+:    It increases your rate of health regeneration.
 m - a +2 pair of gloves
 n - a +2 hat of see invisible
   (You took it off Gastronok on level 11 of the Dungeon)
 w - the +2 pair of gloves "Virchufi" {rN+ rCorr Str+4 Int-5}
   (You bought it in a shop on level 2 of the Elven Halls)

   Str+4:     It affects your strength (+4).
   Int-5:     It affects your intelligence (-5).
   rN+:       It protects you from negative energy.
   rCorr:     It protects you from acid and corrosion.
 D - a +2 cloak of cold resistance (worn)
   (You found it in an ice cave)
 J - the +6 chain mail of Perpetual Drought {rPois rF+ Will+ Str+4 Stlth+}
   (You found it on level 1 of the Depths)

   Str+4:     It affects your strength (+4).
   rF+:       It protects you from fire.
   rPois:     It protects you from poison Will+: It increases your willpower.
   Stlth+:    It makes you more stealthy.
 Q - the +3 salamander hide armour {Flames, rFlCloud rF++ rC--}
   (You bought it in a shop on level 2 of the Elven Halls)

   Flames:    It surrounds you with flame clouds and enhances your fire magic.
   rFlCloud:  It grants immunity to flame clouds.
   rF++:      It greatly protects you from fire.
   rC--:      It makes you very vulnerable to cold.
 R - a +2 helmet (worn)
 S - a +1 kite shield of resistance (worn)
   (You took it off a naga warrior on level 4 of the Snake Pit)
 W - a +2 pair of gloves of strength (worn)
   (You found it on level 5 of the Vaults)
Jewellery
 b - a ring of willpower
 g - an amulet of reflection (around neck)
 j - a ring of see invisible
 k - a +6 ring of intelligence
 s - a ring of protection from fire
 t - a +5 ring of evasion
 A - a ring of protection from cold
 E - an amulet of guardian spirit
 G - a ring of protection from fire (left hand)
 I - a ring of fire
 U - the ring "Zohud" (right hand) {Int+6 Dex+4}
   (You found it on level 3 of the Elven Halls)

   [ring of intelligence]

   Int+6:     It affects your intelligence (+6).
   Dex+4:     It affects your dexterity (+4).
 V - a ring of resist corrosion
Wands
 o - a wand of polymorph (26)
 p - a wand of paralysis (63)
 u - a wand of digging (10)
 v - a wand of acid (24)
 C - a wand of iceblast (18)
 L - a wand of mindburst (5)
Scrolls
 d - 5 scrolls of amnesia
 f - 2 scrolls of fog
 q - 7 scrolls of poison
 H - 4 scrolls of silence
 M - 4 scrolls of noise
 N - 13 scrolls of teleportation
 O - 3 scrolls of revelation
Miscellaneous
 y - a tin of tremorstones (1/2)
 B - a phantom mirror (inert)
 X - a box of beasts
 Y - a phial of floods
 Z - a lightning rod (4/4)


   Skills:
 - Level 11.3 Fighting
 - Level 12.0 Maces & Flails
 - Level 14.0 Armour
 + Level 14.6 Dodging
 + Level 14.9 Shields
 - Level 2.5 Unarmed Combat
 - Level 11.9 Spellcasting
 - Level 3.0 Conjurations
 - Level 3.1 Hexes
 - Level 13.0 Summonings
 - Level 20.8 Necromancy
 - Level 8.8 Translocations
 - Level 0.4 Fire Magic
 - Level 9.0 Ice Magic
 - Level 5.7 Earth Magic
 - Level 8.2 Invocations
 - Level 12.0 Evocations


You had 4 spell levels left.
You knew the following spells:

 Your Spells              Type           Power      Damage    Failure   Level
a - Vampiric Draining     Necr           100%       2d13      0%          3
b - Blink                 Tloc           98%        N/A       1%          2
c - Haunt                 Necr/Summ      56%        N/A       14%         7
d - Anguish               Hex/Necr       48%        N/A       1%          4
f - Apportation           Tloc           98%        N/A       1%          1
g - Death Channel         Necr           61%        N/A       1%          6
h - Animate Dead          Necr           100%       N/A       1%          4
i - Martyr's Knell        Necr/Summ      100%       N/A       1%          4
j - Fugue of the Fallen   Necr           100%       N/A       0%          3
k - Borgnjor's Vile Clut  Necr/Erth      50%        N/A       1%          5
l - Passage of Golubria   Tloc           49%        N/A       4%          4

Your spell library contained the following spells:

 Spells                   Type           Power      Damage    Failure   Level
 Necrotise                Necr           100%       1d9       0%          1
 Freeze                   Ice            100%       1d10      1%          1
 Sandblast                Erth           72%        2d16      1%          1
 Call Imp                 Summ           100%       N/A       1%          2
 Ensorcelled Hibernation  Hex/Ice        76%        N/A       1%          2
 Call Canine Familiar     Summ           61%        N/A       1%          3
 Frozen Ramparts          Ice            100%       1d16      1%          3
 Ozocubu's Armour         Ice            50%        N/A       1%          3
 Summon Ice Beast         Ice/Summ       56%        N/A       1%          3
 Momentum Strike          Conj/Tloc      74%        3d10      2%          2
 Magic Dart               Conj           100%       1d8       4%          1
 Hailstorm                Conj/Ice       37%        3d9       4%          3
 Passwall                 Erth           36%        N/A       4%          3
 Jinxbite                 Hex            50%        N/A       7%          2
 Volatile Blastmotes      Fire/Tloc      64%        2d15      8%          3
 Foxfire                  Conj/Fire      76%        2x1d7     9%          1
 Stone Arrow              Conj/Erth      62%        3d10      9%          3
 Summon Lightning Spire   Summ/Air       39%        N/A       12%         4
 Static Discharge         Conj/Air       36%        3-5/arc   14%         2
 Dazzling Flash           Conj/Hex       50%        N/A       14%         3
 Sigil of Binding         Hex            25%        N/A       14%         3
 Tukima's Dance           Hex            25%        N/A       14%         3
 Dimensional Bullseye     Hex/Tloc       18%        N/A       14%         4
 Inner Flame              Hex/Fire       20%        N/A       24%         3
 Brom's Barrelling Bould  Conj/Erth      31%        2d5       28%         4
 Vhi's Electric Charge    Tloc/Air       62%        N/A       28%         4
 Cause Fear               Hex            12%        N/A       43%         4
 Leda's Liquefaction      Alch/Erth      12%        N/A       45%         4
 Petrify                  Alch/Erth      24%        N/A       45%         4
 Flame Wave               Conj/Fire      19%        2d7       63%         4
 Ignite Poison            Fire/Alch      13%        N/A       83%         4
 Sticky Flame             Fire/Alch      13%        2d5       83%         4
 Airstrike                Air            6%         2d(1-17)  86%         4
 Summon Forest            Summ/Tloc      27%        N/A       5%          5
 Summon Cactus Giant      Summ           30%        N/A       12%         6
 Summon Mana Viper        Hex/Summ       46%        N/A       17%         5
 Infestation              Necr           61%        N/A       22%         8
 Metabolic Englaciation   Hex/Ice        19%        N/A       36%         5
 Monstrous Menagerie      Summ           30%        N/A       56%         7
 Arcjolt                  Conj/Air       9%         1d19      94%         5
 Irradiate                Conj/Alch      9%         3d14      94%         5
 Yara's Violent Unravell  Hex/Alch       9%         3d6       94%         5
 Ozocubu's Refrigeration  Ice            25%        4d13      98%         7
 Alistair's Intoxication  Alch           8%         N/A       99%         5
 Sculpt Simulacrum        Ice/Alch       15%        N/A       99%         6
 Conjure Ball Lightning   Conj/Air       9%         3x3d6     100%        6
 Eringya's Noxious Bog    Alch           6%         4d6       100%        6
 Plasma Beam              Fire/Air       6%         2x1d17    100%        6
 Starburst                Conj/Fire      9%         6d5       100%        6
 Enfeeble                 Hex            12%        N/A       100%        7
 Discord                  Hex            12%        N/A       100%        8
 Ignition                 Fire           7%         3d4       100%        8
 Maxwell's Capacitive Co  Air            6%         ∞         100%        8
 Chain Lightning          Conj/Air       9%         3d12      100%        9
 Fire Storm               Conj/Fire      9%         8d3       100%        9
 Shatter                  Erth           18%        3d17*     100%        9
 Death's Door             Necr           Unusable   N/A       N/A         9

Dungeon Overview and Level Annotations

Branches:
Dungeon (15/15)            Temple (0/1) D:7            Lair (5/5) D:10
  Swamp (4/4) Lair:2        Snake (4/4) Lair:3        Slime (0/5) Lair:4
    Orc (2/2) D:10            Elf (3/3) Orc:2        Vaults (5/5) D:13
  Crypt (0/3) Vaults:2     Depths (4/4) D:15            Zot (5/5) Depths:4
  IceCv (visited)

Altars:
Ashenzari
Dithmenos
Fedhas
Gozag
Hepliaklqana
Kikubaaqudgha
Makhleb
Nemelex Xobeh
Okawaru
Qazlal
Sif Muna
Uskayaw
Vehumet
Wu Jian
Xom
Yredelemnul
Jiyva

Shops:
D:6 :   D:10 ?   Orc:2 !?:(   Elf:2 [   Snake:1 [   Vaults:1 *   Vaults:4 (
Depths:2 !

Portals:
Hell: Depths:1 Depths:2 Depths:3 Depths:4
Abyss: Depths:2 Depths:3
Pandemonium: Orc:2 Depths:2
Ziggurat: Depths:2

Annotations:
D:12 !storm dragon, reaver
Lair:3 exclusion: 2 oklob plants
Elf:2 3 runed translucent doors
Depths:2 exclusions: deep troll and 1 more exclusion
Depths:3 1 runed translucent door, exclusion: orange crystal statue


Innate Abilities, Weirdness & Mutations

You are immune to poison.
Your flesh is cold resistant. (rC+)
You are immune to negative energy. (rN+++)
You are immune to unholy pain and torment.
You are vulnerable to heat. (rF-)
You are strongly in touch with the powers of death.
You do not drink.
You have a special connection with the divine. (Faith)


Message History

You feel a strong surge of power!
You miscast Haunt.
Desperate hands claw out at you.
A nameless horror comes into view.
Qoiruq tail-slaps you!!
* * * LOW HITPOINT WARNING * * *
Qoiruq tail-slaps you!
* * * LOW HITPOINT WARNING * * *
Okay, then.
Casting: Haunt (dangerous; 14% risk of failure)
Confirm with . or Enter, or press ? or * to list all spells.
Okay, then.
Casting: Haunt (dangerous; 14% risk of failure)
Confirm with . or Enter, or press ? or * to list all spells.
Casting: Anguish (mildly dangerous; 1% risk of failure)
Press: ? - help, Dir - look around, f - activate You feel a strong surge of power!
Qoiruq is haunted by guilt!
The blizzard demon is haunted by guilt!
The nameless horror is unaffected. x2
Qoiruq tail-slaps you!
* * * LOW HITPOINT WARNING * * *
Qoiruq is wracked by anguish!
Something touches you but does no damage.
You block the nameless horror's attack. Qoiruq gestures at you.
The bolt of dispelling energy misses you.
You hear some strange, mumbled words.
A bolt of cold appears from out of thin air!
The bolt of cold misses you.
The nameless horror hits you but does no damage.
Okay, then.
Aiming: Phantom Mirror
Press: ? - help, Dir - move target, f - Qoiruq
Aim: Qoiruq (lightly wounded, weak-willed, anguished)
You reflect Qoiruq with the mirror!
The mirror clouds!
Qoiruq tail-slaps Qoiruq but does no damage.
Something touches Qoiruq but does no damage.
Qoiruq gestures at you.
A raging storm of fire appears!
The great blast of fire engulfs you!!! You partially resist.
You die...
Your body falls in perfect tune with the rhythm.

.###.###.# ####..........#.....
.........# #......2............
####.#...# #.............##....
.######### #######x......(......
#.# ########.....#{##...#####.##
.## #.....##..ß..#.###### #.# ##
#..<..##....(#.#### ##'## #
#..#..#####X##X...## ##.... #
#..#..##...@&.1x...# ##..##. ##
#.....'.....&{.....###....#.
.############........#..##......#
.'..##### #.......###..+.....##
.####...# #.#.#..## ##.#......#
## ##.## #.#...#.###.###...^#. #
#.# #.###.##.#.## ##..##. #.#
#.###.##2.## #..... #.#
#........## ###+##


You could see Qoiruq (weak-willed, ally target, anguished), a Hell Sentinel, a
blizzard demon (fleeing, anguished), 2 nameless horrors, a small abomination
(weak-willed) and the friendly Qoiruq (summoned, weak-willed, drained,
anguished).

Vanquished Creatures
  A dread lich (Zot:5)
  An orb of fire (Zot:5)
  3 Killer Klowns (Zot:5)
  A curse toe (Zot:4)
  Bai Suzhen (Snake:4)
  Vashnia (Snake:2)
  2 electric golems
  Rupert (Lair:5)
  A pandemonium lord (Zot:3)
  Jorgrun (D:12)
  12 Orb Guardians
  12 tentacled monstrosities
  2 deep elf master archers (Elf:3)
  2 deep elf blademasters (Elf:3)
  3 sphinxes
  3 quicksilver dragons
  An Executioner (D:4)
  A walking divine tome (Depths:3)
  2 death cobs
  Gastronok (D:11)
  A thorn hunter (Swamp:2)
  5 shadow dragons
  8 storm dragons
  4 tengu reavers
  3 draconian monks
  Aizul (Vaults:2)
  2 protean progenitors
  4 nagarajas (Snake:4)
  5 draconian shifters
  10 vault wardens
  5 deep elf elementalists (Elf:3)
  4 frost giants
  4 deep elf sorcerers
  A reaper (D:12)
  2 balrugs
  2 draconian knights (Zot:1)
  A draconian scorcher (Zot:5)
  A ghoul (Swamp:1)
  A ghost moth (Zot:2)
  2 curse skulls (Vaults:2)
  An angel (Zot:4)
  A draconian stormcaller (Zot:5)
  A draconian annihilator (Zot:1)
  A demonspawn blood saint (D:11)
  A cacodemon (D:12)
  3 orc warlords
  5 stone giants
  11 ironbound preservers
  8 very ugly things
  A formless jellyfish (Vaults:4)
  2 eleionomae (Swamp:3)
  5 deep elf death magi
  3 vampire knights
  2 ironbound thunderhulks
  4 red draconians
  8 green draconians
  3 black draconians
  4 deep elf demonologists
  A lorocyproca (Depths:2)
  3 dire elephants
  3 bunyips (Swamp:4)
  4 spark wasps (Depths:3)
  9 deep elf annihilators (Elf:3)
  4 white draconians
  6 purple draconians
  2 yellow draconians
  A crystal guardian (Vaults:3)
  An ettin (shapeshifter) (Vaults:5)
  5 ettins
  3 fire dragons
  9 yaktaur captains
  3 nameless horrors (Elf:3)
  A deep elf high priest (Elf:3)
  19 vault guards
  7 hydras
  Erolcha (D:13)
  4 catoblepae (Lair:5)
  A peacekeeper (Vaults:3)
  An ice dragon (Depths:4)
  7 great orbs of eyes
  2 ogre magi (D:15)
  15 centaur warriors
  A salamander tyrant (Snake:2)
  4 alligators
  8 ironbound frosthearts
  2 demonspawn (Orc:2)
  14 naga warriors
  15 anacondas
  4 boulder beetles
  10 two-headed ogres
  Erica (D:11)
  3 deep troll shamans
  4 tengu warriors
  11 dancing weapons
  15 death yaks
  9 deep troll earth magi
  2 vampire magi
  14 naga sharpshooters
  7 shock serpents
  3 spriggan berserkers
  4 orc high priests (Orc:2)
  16 deep elf knights
  A sun demon (Zot:5)
  4 salamander mystics
  Amaemon (D:10)
  A skyshark (Zot:3)
  3 sixfirhies
  28 deep trolls
  4 goliath frogs
  4 iron trolls
  A skeletal warrior (D:15)
  3 swamp dragons
  5 arcanists
  2 mana vipers
  2 naga ritualists
  A spriggan druid (Swamp:1)
  12 lindwurms
  3 bog bodies (Swamp:1)
  16 deep elf zephyrmancers
  2 glowing orange brains
  A large abomination (Zot:3)
  14 deep elf archers
  A necromancer (IceCv)
  7 orc sorcerers
  10 orc knights
  4 phantasmal warriors
  18 deep elf pyromancers
  3 manticores
  22 ugly things
  21 ironbound convokers
  2 wolf spiders (Zot:3)
  2 cyclopes
  10 salamanders
  2 will-o-the-wisps
  2 human skeletons (Vaults:4)
  A toenail golem (D:15)
  16 moths of wrath
  Joseph (D:7)
  A black mamba (shapeshifter) (Elf:2)
  3 guardian serpents
  5 elephants
  3 kobold blastminers
  A rust devil (Zot:3)
  An eye of devastation (shapeshifter) (Vaults:5)
  A torpor snail (Lair:2)
  12 naga magi
  16 black mambas
  3 orange demons
  Maggie (D:6)
  An ice statue (IceCv)
  An unseen horror (D:11)
  10 vault sentinels
  3 kobold demonologists
  9 cane toads
  2 rime drakes
  21 yaktaurs
  An efreet (D:15)
  4 freezing wraiths
  15 komodo dragons
  13 ice devils (IceCv)
  A yaktaur skeleton (Vaults:3)
  3 anaconda simulacra (IceCv)
  A tormentor (D:11)
  4 tengu conjurers
  3 trolls (D:10)
  5 hellwings
  4 tyrant leeches
  5 polar bears
  A wolf spider simulacrum (D:13)
  A hornet (D:8)
  11 blink frogs
  7 dream sheep (Lair:2)
  A jumping spider (shapeshifter) (Elf:1)
  18 slime creatures
  2 centaur simulacra
  8 water elementals
  A vampire (D:13)
  5 air elementals
  6 wyverns
  3 spriggans (Swamp:1)
  A dire elephant simulacrum (IceCv)
  3 fire elementals
  85 yaks
  An elf zombie (Vaults:3)
  4 basilisks
  2 wraiths
  A neqoxec (Orc:2)
  5 death yak simulacra
  16 vampire mosquitoes
  A human (shapeshifter) (D:13)
  3 wargs
  9 swamp worms
  A harpy simulacrum (IceCv)
  22 nagas
  3 acid dragons
  5 naga zombies (Snake:4)
  13 water moccasins
  2 hydra simulacra (IceCv)
  A meliai simulacrum (D:13)
  A swamp drake (Swamp:4)
  A black bear (Lair:1)
  30 orc warriors
  A hornet zombie (D:7)
  A sky beast (D:7)
  4 ice beasts
  A boggart (shapeshifter) (D:14)
  11 ogres
  12 wolves
  9 centaurs
  3 boggarts
  4 phantoms
  6 kobold brigands
  2 yaktaur zombies
  A necrophage (Swamp:1)
  8 bullfrogs
  3 earth elementals
  3 gnoll sergeants
  A scorpion (D:7)
  A two-headed ogre simulacrum (D:13)
  4 cane toad simulacra (IceCv)
  3 wights (D:7)
  A wyvern skeleton (D:7)
  17 killer bees
  5 elephant simulacra
  2 howler monkeys (D:9)
  A vampire bat (Lair:2)
  2 electric eels
  3 bombardier beetles
  2 centaur zombies (D:7)
  A lava snake (D:11)
  4 jellies
  3 human zombies
  A hound (D:6)
  22 orc priests
  2 centaur skeletons (D:7)
  3 gnoll boudas
  A bullfrog skeleton (D:7)
  Terence (D:3)
  3 iguanas
  20 orc wizards
  4 polar bear simulacra (IceCv)
  3 spriggan simulacra
  4 troll simulacra
  A killer bee zombie (D:7)
  6 wolf simulacra
  6 adders
  27 gnolls
  2 shadow imps (D:6)
  2 white imps
  10 ufetubi
  2 dart slugs
  A ribbon worm (D:2)
  88 orcs
  12 bats
  9 endoplasms
  3 giant cockroaches
  4 goblins
  10 hobgoblins
  4 jackals (D:1)
  4 quokkas
  5 ball pythons
  A frilled lizard (D:1)
  15 kobolds
  6 rats
1499 creatures vanquished.

Vanquished Creatures (collateral kills)
  A pandemonium lord (D:12)
  2 dread liches
  An ancient lich (Vaults:5)
  An orb of fire (Zot:5)
  Mara (Vaults:3)
  A juggernaut (Depths:3)
  5 Killer Klowns (Zot:5)
  the Lernaean hydra (Swamp:4)
  Nikola (Swamp:3)
  A golden dragon (Zot:3)
  A Tzitzimitl (Zot:2)
  4 electric golems
  5 tentacled monstrosities
  A Hell Sentinel (D:11)
  Zenata (Vaults:2)
  Mlioglotl (Swamp:2)
  15 Orb Guardians
  5 liches
  A walking divine tome (Depths:3)
  A walking earthen tome (Depths:3)
  3 titans (Vaults:5)
  A quicksilver dragon (Vaults:5)
  2 sphinxes
  A death cob (Zot:3)
  Frances (D:14)
  4 storm dragons
  7 shadow dragons
  2 tengu reavers
  3 protean progenitors
  A daeva (Zot:4)
  3 fire giants
  5 frost giants
  A draconian monk (Zot:3)
  8 nagarajas (Snake:4)
  2 deep elf sorcerers
  9 vault wardens
  2 deep elf elementalists (Elf:3)
  2 angels (Vaults:1)
  A cacodemon (Zot:3)
  A ghoul (Swamp:1)
  8 very ugly things
  A draconian stormcaller (Zot:3)
  A draconian annihilator (Depths:4)
  3 ironbound thunderhulks
  2 green draconians
  5 ironbound preservers
  8 stone giants
  A demonspawn corrupter (Zot:5)
  A formless jellyfish (Vaults:3)
  A demonspawn black sun (Zot:5)
  3 deep elf demonologists
  Azrael (Snake:1)
  An eleionoma (Swamp:3)
  2 red draconians
  2 yellow draconians
  A purple draconian (Depths:4)
  3 dire elephants
  5 black draconians
  2 war gargoyles
  A white draconian (Depths:4)
  A deep elf death mage (Elf:3)
  2 ettins
  A shambling mangrove (Swamp:4)
  8 yaktaur captains
  5 fire dragons
  A salamander tyrant (Snake:4)
  4 ice dragons
  11 hydras
  2 great orbs of eyes (Vaults:3)
  15 vault guards
  2 entropy weavers
  An alligator (Swamp:2)
  An ogre mage (Vaults:5)
  8 centaur warriors (Vaults:1)
  3 anacondas
  2 boulder beetles
  A dancing weapon (Elf:3)
  A two-headed ogre (D:15)
  4 deep troll shamans
  12 naga warriors
  2 occultists
  An orc high priest (Orc:2)
  3 shock serpents
  A vampire mage (Depths:2)
  3 deep troll earth magi
  9 naga sharpshooters
  2 spriggan berserkers (Depths:2)
  2 sun demons (Zot:5)
  7 iron trolls
  A skyshark (Zot:3)
  A sixfirhy (D:12)
  2 salamander mystics
  2 goliath frogs
  3 skeletal warriors (D:15)
  3 sea snakes (Snake:4)
  A goliath frog (shapeshifter) (Depths:3)
  9 mana vipers
  A flayed ghost (Depths:3)
  14 deep trolls
  3 naga ritualists
  2 deep elf archers (Elf:3)
  A glowing orange brain (Depths:1)
  2 lindwurms (Vaults:1)
  2 phantasmal warriors (Vaults:5)
  8 ironbound convokers
  6 swamp dragons
  12 bog bodies
  3 necromancers
  2 deep elf pyromancers (Elf:3)
  A deep elf zephyrmancer (Elf:3)
  2 orc knights
  2 orc sorcerers (Orc:2)
  A manticore (D:15)
  4 will-o-the-wisps
  8 moths of wrath
  12 ugly things
  9 salamanders
  An elf zombie (Vaults:3)
  6 naga magi
  An eye of devastation (shapeshifter) (Vaults:5)
  13 black mambas
  8 vault sentinels
  2 rust devils (D:11)
  5 guardian serpents (Snake:4)
  An orange demon (Orc:2)
  A smoke demon (D:11)
  13 yaktaurs
  5 tyrant leeches
  A troll (Orc:2)
  7 hornets
  A blink frog (Lair:3)
  A glass eye (Depths:3)
  An air elemental (Elf:1)
  8 slime creatures
  4 spriggans
  4 yaks (Lair:5)
  3 water elementals (Depths:4)
  4 fire elementals (Snake:1)
  A wraith (D:12)
  4 vampire mosquitoes
  A basilisk (shapeshifter) (Vaults:5)
  A redback (Vaults:3)
  A basilisk (D:10)
  4 swamp worms
  A glowing shapeshifter zombie (Vaults:4)
  23 nagas
  An acid dragon (D:10)
  3 hell hounds (Snake:1)
  8 swamp drakes
  10 orc warriors
  2 ogres
  4 nameless horrors
  8 orc priests (Orc:2)
  2 orc wizards
  13 orcs
570 creatures vanquished.

Vanquished Creatures (others)
  A caustic shrike (Depths:2)
  An Orb Guardian (Zot:5)
  A tentacled monstrosity (Zot:1)
  4 death cobs
  3 storm dragons
  A draconian monk (Zot:4)
  3 fire giants
  A draconian knight (Zot:3)
  A draconian shifter (Zot:5)
  A frost giant (Depths:1)
  An orc warlord (Vaults:2)
  5 vault wardens
  A draconian scorcher (Zot:5)
  2 slime creatures
  2 Killer Klown zombies (Zot:5)
  An ironbound preserver (Vaults:5)
  3 stone giants (Vaults:5)
  4 black draconians
  A spark wasp (Depths:3)
  A deep elf annihilator (Elf:3)
  A white draconian (Zot:4)
  3 ettins
  A deep elf high priest (Elf:3)
  3 vault guards (Vaults:5)
  2 sphinx zombies (Vaults:4)
  A salamander tyrant (Snake:4)
  10 Orb Guardian zombies (Zot:5)
  A two-headed ogre (D:15)
  2 ironbound frosthearts (Vaults:3)
  3 deep troll shamans
  A titan zombie (Vaults:5)
  A tengu warrior (Depths:1)
  2 deep troll earth magi (Depths:2)
  An occultist (Depths:2)
  6 storm dragon zombies
  2 deep elf knights (Elf:3)
  A skyshark (Zot:3)
  2 iron trolls
  4 spark wasp zombies (Depths:3)
  2 bunyip zombies (Swamp:4)
  9 deep trolls
  A tengu zombie (Vaults:4)
  6 anaconda zombies
  2 ironbound convokers (Vaults:4)
  2 deep elf zephyrmancers (Elf:1)
  2 shadow dragon zombies
  5 lindwurms
  4 orc knights
  An alligator zombie (Swamp:1)
  3 deep elf pyromancers (Elf:1)
  2 ugly things (Depths:1)
  5 stone giant zombies
  3 draconian zombies (Zot:5)
  2 centaur zombies (Vaults:1)
  2 fire giant zombies
  A frost giant zombie (Depths:3)
  2 vault sentinels
  A shock serpent zombie (Snake:2)
  A naga mage (Snake:1)
  3 mana viper zombies
  A yellow draconian zombie (Zot:3)
  3 black draconian zombies
  A red draconian zombie (Depths:4)
  2 iron troll zombies
  48 human zombies
  3 swamp worm zombies
  2 green draconian zombies
  2 sea snake zombies (Snake:4)
  7 yaktaurs
  A merfolk (shapeshifter) (Vaults:5)
  2 bloated husks
  A hydra zombie (Swamp:4)
  2 great orb of eyes zombies
  An ice dragon zombie (Depths:2)
  2 guardian serpent zombies (Snake:4)
  4 moth of wrath zombies (Zot:3)
  6 ettin zombies
  A fire dragon zombie (Depths:4)
  15 black mamba zombies
  A spriggan zombie (Depths:4)
  6 slime creature zombies
  28 deep troll zombies
  A skyshark zombie (Zot:3)
  An orc warrior (Vaults:5)
  13 elf zombies
  3 swamp dragon zombies
  An ogre (D:15)
  3 lindwurm zombies (Vaults:3)
  18 yaktaur zombies
  A komodo dragon zombie (D:12)
  3 salamander zombies (Snake:4)
  A warg zombie (Orc:2)
  A basilisk zombie (Vaults:5)
  An acid dragon zombie (D:12)
  14 naga zombies
  4 ogre zombies
  2 swamp drake zombies (Swamp:4)
  61 orc zombies
  39 foxfires
450 creatures vanquished.

Grand Total: 2519 creatures vanquished

Notes
Turn   | Place    | Note
-------+----------+-------------------------------------------
     0 | D:1      | RBrandon the Mummy Monk began the quest for the Orb.
     0 | D:1      | Reached XP level 1. HP: 18/18 MP: 1/1
   126 | D:1      | Reached XP level 2. HP: 9/24 MP: 2/2
   361 | D:1      | Found a faded altar of an unknown god.
   370 | D:1      | Prayed at the altar of an unknown god.
   370 | D:1      | Became a worshipper of Uskayaw the Reveller
   370 | D:1      | Reached * piety under Uskayaw
   370 | D:1      | Reached ** piety under Uskayaw
   457 | D:1      | Reached *** piety under Uskayaw
   460 | D:1      | Reached **** piety under Uskayaw
   463 | D:1      | Reached ***** piety under Uskayaw
   698 | D:1      | Reached skill level 1 in Invocations
   698 | D:1      | Reached XP level 3. HP: 29/29 MP: 3/3
  1618 | D:2      | Found the +7 Kryia's mail coat {PotionHeal*2 rC+}
  1662 | D:2      | Got the Tractate on the Shadowy Jinx
  2078 | D:3      | Noticed Terence
  2080 | D:3      | Reached skill level 1 in Armour
  2097 | D:3      | Killed Terence
  2098 | D:3      | Reached XP level 4. HP: 36/36 MP: 5/5
  2106 | D:3      | Found a shimmering blue altar of Sif Muna.
  2348 | D:3      | Reached XP level 5. HP: 35/41 MP: 6/6
  2704 | D:3      | Found a hazy altar of Hepliaklqana.
  2758 | D:3      | Found a shadowy altar of Dithmenos.
  2760 | D:3      | Found a burning altar of Makhleb.
  2897 | D:4      | Found a basalt altar of Yredelemnul.
  2900 | D:4      | Found a blossoming altar of Fedhas.
  2900 | D:4      | Found a broken altar of Ashenzari.
  2901 | D:4      | Found an opulent altar of Gozag.
  2901 | D:4      | Found an iron altar of Okawaru.
  2904 | D:4      | Found a radiant altar of Vehumet.
  2904 | D:4      | Found an ornate altar of the Wu Jian Council.
  2904 | D:4      | Found a shimmering altar of Xom.
  3161 | D:4      | Noticed an ogre
  3218 | D:5      | Entered Level 5 of the Dungeon
  3326 | D:5      | Noticed a phantom
  3342 | D:5      | Killed a phantom
  3343 | D:5      | Reached XP level 6. HP: 44/47 MP: 8/8
  3714 | D:5      | Found a stormy altar of Qazlal.
  4116 | D:5      | Reached XP level 7. HP: 40/52 MP: 0/10
  5070 | D:4      | Reached skill level 5 in Invocations
  5163 | D:4      | Noticed a wyvern
  5177 | D:4      | Killed a wyvern
  5178 | D:4      | Reached XP level 8. HP: 45/59 MP: 6/12
  6136 | D:6      | Found Ehilewe's Book Shop.
  6384 | D:6      | Noticed Maggie
  6408 | D:6      | Killed Maggie
  6409 | D:6      | Reached skill level 5 in Fighting
  6713 | D:6      | Reached XP level 9. HP: 40/69 MP: 10/14
  7003 | D:7      | Noticed Joseph
  7200 | D:7      | Killed Joseph
  7382 | D:7      | Learned a level 3 spell: Vampiric Draining
  7385 | D:7      | Learned a level 2 spell: Blink
  7403 | D:7      | Found a staircase to the Ecumenical Temple.
  7414 | D:7      | Reached skill level 1 in Necromancy
  7514 | D:7      | Reached skill level 2 in Necromancy
  7518 | D:7      | Reached skill level 3 in Necromancy
  7795 | D:7      | Reached skill level 4 in Necromancy
  8195 | D:7      | Reached skill level 5 in Necromancy
  8480 | D:7      | Reached skill level 1 in Spellcasting
  8839 | D:7      | Reached skill level 5 in Spellcasting
  8841 | D:7      | Found an ancient bone altar of Kikubaaqudgha.
  9011 | D:8      | Noticed a cyclops
  9211 | D:8      | Learned a level 3 spell: Frozen Ramparts
  9215 | D:8      | Learned a level 3 spell: Ozocubu's Armour
  9300 | D:8      | Reached XP level 10. HP: 77/77 MP: 18/18
  9304 | D:8      | Reached skill level 1 in Ice Magic
  9594 | D:8      | Noticed a two-headed ogre
  9618 | D:8      | Noticed a two-headed ogre
  9838 | D:8      | Killed a two-headed ogre
  9839 | D:8      | Killed a two-headed ogre
 10047 | D:8      | Killed a cyclops
 10048 | D:8      | Reached skill level 5 in Ice Magic
 10810 | D:9      | Reached skill level 1 in Translocations
 11032 | D:9      | Reached ****** piety under Uskayaw
 11034 | D:9      | Reached XP level 11. HP: 43/82 MP: 16/19
 11567 | D:10     | Entered Level 10 of the Dungeon
 11806 | D:10     | Reached skill level 6 in Necromancy
 11847 | D:10     | Noticed Urug
 11848 | D:10     | Urug changed into Urug the elephant
 11848 | D:10     | Noticed Urug
 11864 | D:10     | Killed Urug the elephant
 12014 | D:10     | Noticed Amaemon
 12034 | D:10     | Reached skill level 7 in Necromancy
 12038 | D:10     | Killed Amaemon
 12760 | D:10     | Found Casylup's Magic Scroll Shoppe.
 12768 | D:10     | Bought a scroll of enchant weapon for 90 gold pieces
 12789 | D:10     | Reached skill level 1 in Maces & Flails
 12866 | D:10     | Found a staircase to the Orcish Mines.
 12959 | D:10     | Noticed a death yak
 13021 | D:10     | Killed a death yak
 13491 | D:10     | Reached skill level 5 in Maces & Flails
 13514 | D:10     | Found a staircase to the Lair.
 13575 | D:10     | Learned a level 3 spell: Summon Ice Beast
 13980 | Lair:1   | Entered Level 1 of the Lair of Beasts
 13999 | Lair:1   | Reached XP level 12. HP: 79/89 MP: 16/22
 14489 | Lair:1   | Reached skill level 1 in Summonings
 15732 | Lair:2   | Learned a level 1 spell: Apportation
 16285 | Lair:2   | Reached skill level 1 in Shields
 16489 | Lair:2   | Found a staircase to the Swamp.
 17497 | Lair:3   | Found a staircase to the Snake Pit.
 17691 | Lair:3   | Gained mutation: You are strongly in touch with the powers
                  | of death. [Mummy growth]
 17691 | Lair:3   | Reached XP level 13. HP: 96/96 MP: 23/23
 17891 | Lair:3   | Reached skill level 5 in Shields
 20376 | Lair:4   | Found a viscous altar of Jiyva.
 20376 | Lair:4   | Found a staircase to the Slime Pits.
 20560 | Lair:5   | Entered Level 5 of the Lair of Beasts
 21143 | Lair:5   | Reached skill level 10 in Maces & Flails
 21551 | Lair:5   | Reached XP level 14. HP: 80/103 MP: 4/24
 21662 | Lair:5   | Noticed Rupert
 21690 | Lair:5   | Killed Rupert
 23449 | Lair:5   | Identified the +4 scale mail "Futianes" {Rampage Regen+
                  | MP+9}
 23769 | D:11     | Noticed Gastronok
 23808 | D:11     | Noticed Erica
 23918 | D:11     | Killed Gastronok
 24196 | D:11     | Killed Erica
 24696 | D:12     | Noticed Jorgrun
 24994 | D:12     | Noticed a storm dragon
 24995 | D:12     | Noticed a tengu reaver
 25015 | D:12     | Killed Jorgrun
 25016 | D:12     | Reached skill level 8 in Necromancy
 25236 | D:13     | Found a gate to the Vaults.
 25319 | D:13     | Reached skill level 5 in Armour
 25507 | D:13     | Found a frozen archway.
 25529 | IceCv    | Entered an ice cave
 25907 | IceCv    | Found the +4 skin of Zhor {*Englaciate rC+++ SInv}
 25971 | IceCv    | Found an ancient bone altar of Kikubaaqudgha.
 26100 | IceCv    | Reached XP level 15. HP: 79/108 MP: 23/25
 27161 | IceCv    | Got the Notes on Deathly Hail
 27502 | D:13     | Noticed Erolcha
 27512 | D:13     | Killed Erolcha
 28119 | D:14     | Reached skill level 5 in Dodging
 28868 | D:14     | Noticed Frances
 28877 | D:14     | Killed Frances
 29007 | D:15     | Entered Level 15 of the Dungeon
 29745 | Orc:1    | Entered Level 1 of the Orcish Mines
 29951 | D:6      | Bought a book of the Tundra for 390 gold pieces
 29951 | D:6      | Bought a book of Death for 572 gold pieces
 29955 | D:6      | Learned a level 3 spell: Hailstorm
 29960 | D:6      | Learned a level 4 spell: Animate Dead
 29965 | D:6      | Learned a level 4 spell: Martyr's Knell
 30103 | Orc:1    | Reached skill level 1 in Conjurations
 30566 | Orc:2    | Entered Level 2 of the Orcish Mines
 30566 | Orc:2    | Found a staircase to the Elven Halls.
 30919 | Orc:2    | Found Tippatol's Antique Weapon Boutique.
 30927 | Orc:2    | Found a shimmering blue altar of Sif Muna.
 30944 | Orc:2    | Got Sif Muna's Tome of Combustion
 31415 | Orc:2    | Reached skill level 9 in Necromancy
 31415 | Orc:2    | Found Lemoq's Distillery.
 31418 | Orc:2    | Found Cenotyc's Magic Scroll Shop.
 32003 | Orc:2    | Reached skill level 10 in Necromancy
 32510 | Orc:2    | Found Emoo's Book Shoppe.
 32510 | Orc:2    | Found Fossouxyl's Antique Armour Emporium.
 32510 | Orc:2    | Found a one-way gate leading to the halls of Pandemonium.
 32516 | Orc:2    | Bought a book of Dreams for 432 gold pieces
 32709 | Snake:1  | Entered Level 1 of the Snake Pit
 32709 | Snake:1  | Found Aleriosha's Armour Emporium.
 33007 | Snake:1  | Learned a level 3 spell: Fugue of the Fallen
 33182 | Snake:1  | Reached XP level 16. HP: 63/115 MP: 21/28
 33598 | Orc:2    | Bought a book of Unlife for 648 gold pieces
 33604 | Orc:2    | Learned a level 5 spell: Borgnjor's Vile Clutch
 33905 | Snake:1  | Reached skill level 1 in Earth Magic
 34762 | Snake:1  | Noticed Azrael
 34769 | Snake:1  | Killed Azrael
 34773 | Snake:1  | Reached skill level 5 in Earth Magic
 34967 | Snake:2  | Noticed Vashnia
 35030 | Snake:2  | HP: 3/115 [Vashnia/bolt (34)]
 35507 | Snake:2  | Reached skill level 11 in Necromancy
 36739 | Snake:2  | Killed Vashnia
 36816 | Snake:2  | Reached skill level 12 in Necromancy
 38030 | Snake:2  | Identified the +0 scale mail of the Gazing Gods {Will++
                  | Str+3}
 38386 | Snake:3  | Upgraded the game from 0.32-a0-18-g89e19f1974 to
                  | 0.32-a0-20-ge526923d97
 38735 | Snake:3  | Reached XP level 17. HP: 81/120 MP: 14/30
 39274 | Snake:4  | Entered Level 4 of the Snake Pit
 39457 | Snake:4  | Reached skill level 10 in Dodging
 39734 | Snake:4  | Identified the +6 short sword of the Thirsty Suns {flame,
                  | ^Fragile rPois Str+3 Dex+6}
 39763 | Snake:4  | Found an ornate altar of the Wu Jian Council.
 40102 | Snake:4  | Reached skill level 10 in Spellcasting
 40619 | Snake:4  | Learned a level 4 spell: Anguish
 40626 | Snake:4  | Learned a level 6 spell: Death Channel
 40691 | Snake:4  | Reached skill level 1 in Hexes
 40779 | Snake:4  | Noticed Bai Suzhen
 40827 | Snake:4  | Killed Bai Suzhen
 41601 | Snake:4  | Reached skill level 13 in Necromancy
 41714 | Snake:4  | Got a serpentine rune of Zot
 41893 | Snake:4  | Reached skill level 14 in Necromancy
 42201 | Swamp:1  | Entered Level 1 of the Swamp
 42208 | Swamp:1  | Reached XP level 18. HP: 127/127 MP: 33/33
 42504 | Swamp:1  | Identified the +6 rapier of Animal Spirits {venom, rC+
                  | Will+}
 42675 | Swamp:1  | Reached skill level 15 in Necromancy
 43217 | Swamp:2  | Noticed Mlioglotl
 43225 | Swamp:2  | Killed Mlioglotl
 44115 | Swamp:3  | Noticed Nikola
 44131 | Swamp:3  | Killed Nikola
 44647 | Swamp:4  | Entered Level 4 of the Swamp
 44871 | Swamp:4  | Noticed the 27-headed Lernaean hydra
 44883 | Swamp:4  | Killed the 27-headed Lernaean hydra
 44906 | Swamp:4  | Got a decaying rune of Zot
 45795 | Vaults:1 | Entered Level 1 of the Vaults
 46125 | Vaults:1 | Reached XP level 19. HP: 124/140 MP: 25/34
 46214 | Vaults:1 | Reached skill level 10 in Fighting
 46310 | Vaults:1 | Found Tycawnam's General Store.
 46313 | Vaults:1 | Bought a scroll of teleportation for 36 gold pieces
 46313 | Vaults:1 | Bought a scroll of teleportation for 36 gold pieces
 46313 | Vaults:1 | Bought a scroll of teleportation for 36 gold pieces
 46452 | Vaults:1 | Reached skill level 10 in Shields
 47365 | Vaults:1 | Reached skill level 10 in Armour
 48276 | Vaults:2 | Found a staircase to the Crypt.
 48553 | Vaults:2 | Identified the serpent talisman of Boredom {rN++}
 48553 | Vaults:2 | Noticed Aizul
 48554 | Vaults:2 | Noticed Zenata
 48824 | Vaults:2 | Upgraded the game from 0.32-a0-20-ge526923d97 to
                  | 0.32-a0-350-g4f4d228785
 48824 | Vaults:2 | Upgraded the game from 0.32-a0-350-g4f4d228785 to
                  | 0.32-a0-361-g289a535e89
 49280 | D:15     | Reached skill level 16 in Necromancy
 49697 | D:15     | Found a staircase to the Depths.
 49980 | Depths:1 | Entered Level 1 of the Depths
 50004 | Depths:1 | Found a radiant altar of Vehumet.
 50052 | Depths:1 | Found a gateway to Hell.
 50193 | Depths:1 | Reached skill level 17 in Necromancy
 50301 | Depths:1 | Reached XP level 20. HP: 126/151 MP: 29/35
 50326 | Depths:1 | Reached skill level 5 in Summonings
 50388 | Depths:1 | Identified the +6 chain mail of Perpetual Drought {rPois
                  | rF+ Will+ Str+4 Stlth+}
 50630 | Depths:1 | Identified the +3 trident of Arrival {pain, rN+ Str+4
                  | Dex+2}
 51447 | Depths:2 | Noticed a caustic shrike
 51453 | Depths:2 | Killed a caustic shrike
 51497 | Depths:2 | Identified the staff of Butchery {Dex+6 Conj}
 51639 | Depths:2 | Reached skill level 18 in Necromancy
 51679 | Depths:2 | Found a sparkling altar of Nemelex Xobeh.
 51733 | Depths:2 | Found a one-way gate to the infinite horrors of the Abyss.
 51738 | Depths:2 | Found a one-way gateway to a ziggurat.
 52203 | Depths:2 | Identified the +0 leather armour of Gozag's Supremacy
                  | {Will- Dex+5}
 52310 | Depths:2 | Found Typtewk's Distillery.
 52811 | Depths:3 | Reached skill level 19 in Necromancy
 53071 | Depths:3 | Found a runed translucent door.
 53470 | Depths:3 | Noticed an ancient lich
 53470 | Depths:3 | Noticed a juggernaut
 53993 | Depths:3 | Reached skill level 5 in Translocations
 54124 | Depths:3 | Learned a level 4 spell: Passage of Golubria
 54911 | Vaults:3 | Noticed Mara
 54932 | Vaults:3 | Noticed RBrandon's illusion
 54942 | Vaults:3 | Noticed RBrandon's illusion
 55602 | Vaults:2 | Killed Aizul
 55661 | Vaults:2 | Killed Zenata
 55880 | Vaults:2 | You fall into a shaft and drop 2 floors!
 56000 | Vaults:4 | Reached XP level 21. HP: 101/156 MP: 10/36
 57559 | Vaults:4 | Found Qecim's Weapon Shop.
 57889 | Vaults:2 | Identified the +3 robe of Impish Awe {Dex+2}
 58504 | Vaults:3 | Noticed RBrandon's illusion
 58560 | Vaults:3 | Reached skill level 10 in Summonings
 59204 | Vaults:3 | Noticed RBrandon's illusion
 59222 | Vaults:3 | Killed Mara
 60274 | Vaults:3 | Learned a level 7 spell: Haunt
 60414 | Vaults:3 | Reached XP level 22. HP: 147/163 MP: 37/37
 61757 | Elf:1    | Entered Level 1 of the Elven Halls
 61759 | Elf:1    | Paralysed by an air elemental for 1 turns
 61765 | Elf:1    | Paralysed by an air elemental for 1 turns
 62821 | Elf:1    | Reached skill level 20 in Necromancy
 62835 | Elf:1    | Paralysed by an air elemental for 1 turns
 64213 | Elf:2    | Found Ujoz's Antique Armour Emporium.
 64236 | Elf:2    | Bought a pair of masterwork gloves for 256 gold pieces
 64236 | Elf:2    | Identified the +2 pair of gloves "Virchufi" {rN+ rCorr
                  | Str+4 Int-5} (You bought it in a shop on level 2 of the
                  | Elven Halls)
 64236 | Elf:2    | Bought the +3 salamander hide armour {Flames, rFlCloud rF++
                  | rC--} for 931 gold pieces
 64236 | Elf:2    | Found the +3 salamander hide armour {Flames, rFlCloud rF++
                  | rC--}
 65251 | Elf:2    | Found a runed translucent gate.
 65251 | Elf:2    | Found a runed translucent gate.
 65251 | Elf:2    | Found a runed translucent gate.
 65319 | Elf:2    | Identified the +8 falchion of the Imbibing Jester {elec,
                  | Fly rElec Dex+2}
 65459 | Elf:3    | Entered Level 3 of the Elven Halls
 67489 | Elf:3    | Identified the ring "Hauvi Aqiu" {Ice *Slow Str+2 Dex+3
                  | SInv}
 67489 | Elf:3    | Identified the +3 great sword of Tartarus {antimagic,
                  | rElec}
 67492 | Elf:3    | Identified the +0 halberd of Due Proportion {spect, rF- rN+
                  | Int+5 Stlth+}
 67494 | Elf:3    | Identified the staff of Blood {Str+3 Conj}
 67500 | Elf:3    | Identified the +3 scimitar of Kindness {antimagic, rC+}
 67502 | Elf:3    | Reached skill level 1 in Evocations
 67642 | Elf:3    | Identified the +1 trident of Collusion {drain, rN+}
 67750 | Elf:3    | Got Limiad's Enchiridion on the Burning Tempest
 67757 | Elf:3    | Identified the granite talisman "Ceohyu" {rN+ rCorr Int+3}
 67766 | Elf:3    | Identified the staff of the Big Fish {Dex+2 Earth}
 67771 | Elf:3    | Got the Discursus on Hypothermia and the Tesseract
 67773 | Elf:3    | Identified the ring "Zohud" {Int+6 Dex+4}
 67784 | Elf:3    | Got the Directory of Conflagrant Conduction
 68205 | Vaults:5 | Entered Level 5 of the Vaults
 68255 | Vaults:5 | Reached skill level 5 in Evocations
 68412 | Vaults:5 | Reached XP level 23. HP: 104/169 MP: 38/38
 68526 | Vaults:5 | Noticed an ancient lich
 68538 | Vaults:5 | Killed an ancient lich
 68711 | Vaults:5 | Noticed a dread lich
 68725 | Vaults:5 | Killed a dread lich
 68996 | Vaults:5 | Identified the +9 short sword "Egg" {flame, rElec rF- rN+}
 69211 | Vaults:5 | Identified the +9 dagger of the Toadstool {elec, rPois}
 69242 | Vaults:5 | Identified the +6 quarterstaff "Vocuz" {flame, Fly Stlth+}
 69242 | Vaults:5 | Identified the +1 plate armour of Gune {rC+ Int+5 Slay+5}
 69245 | Vaults:5 | Reached skill level 10 in Evocations
 69506 | Vaults:5 | Identified the +7 bardiche of Wimoelon {freeze, rPois rF+
                  | Str+3 Int-5}
 69601 | Vaults:5 | Got a silver rune of Zot
 69629 | Vaults:5 | Identified the ring of Wosm {rElec rCorr Str+5 Slay-4
                  | Stlth+}
 70534 | Depths:3 | Killed a juggernaut
 70565 | Depths:4 | Entered Level 4 of the Depths
 70769 | Depths:4 | Found a gate to the Realm of Zot.
 71190 | Depths:4 | Reached XP level 24. HP: 173/176 MP: 38/38
 71811 | Zot:1    | Entered Level 1 of the Realm of Zot
 75720 | Zot:4    | Identified the +0 chain mail of the Shining One's Hope {rF+
                  | rN++ rCorr Str-5}
 76696 | Zot:5    | Entered Level 5 of the Realm of Zot
 76803 | Zot:5    | HP: 3/176 [electric golem/bolt of lightning (6)]
 77196 | Zot:5    | Reached XP level 25. HP: 148/182 MP: 10/38
 77784 | Zot:5    | Noticed a dread lich
 77792 | Zot:5    | Killed a dread lich
 77795 | Zot:5    | Noticed an orb of fire
 77797 | Zot:5    | Noticed a Killer Klown
 77804 | Zot:5    | Killed an orb of fire
 77822 | Zot:5    | Killed a Killer Klown
 78009 | Zot:5    | Noticed a Killer Klown
 78023 | Zot:5    | Noticed a Killer Klown
 78024 | Zot:5    | Noticed a Killer Klown
 78025 | Zot:5    | Killed a Killer Klown
 78026 | Zot:5    | Noticed an orb of fire
 78028 | Zot:5    | Killed a Killer Klown
 78037 | Zot:5    | Noticed a Killer Klown
 78041 | Zot:5    | Noticed a dread lich
 78220 | Zot:5    | Noticed a Killer Klown
 78234 | Zot:5    | Noticed a Killer Klown
 78246 | Zot:5    | Killed a Killer Klown
 78250 | Zot:5    | Killed a Killer Klown
 78381 | Zot:5    | Noticed a Killer Klown
 78393 | Zot:5    | Killed a Killer Klown
 78488 | Zot:5    | Identified the +1 pair of boots of the Vanishing Xalams
                  | {rElec Regen+}
 78709 | Zot:5    | Killed a dread lich
 78711 | Zot:5    | Killed a Killer Klown
 78765 | Zot:5    | Killed an orb of fire
 78766 | Zot:5    | Killed a Killer Klown
 78832 | Zot:5    | Got the Orb of Zot
 78931 | Zot:5    | Paralysed by accursed screaming for 2 turns
 78936 | Zot:4    | Noticed Yxtil the pandemonium lord
 78976 | Zot:4    | Noticed a seraph
 79055 | Zot:3    | Noticed Moymesupam the pandemonium lord
 79071 | Zot:3    | Killed Moymesupam the pandemonium lord
 79191 | Depths:3 | Noticed Caow the pandemonium lord
 79376 | D:12     | Noticed Cumoamio the pandemonium lord
 79426 | D:12     | Killed Cumoamio the pandemonium lord
 79722 | D:11     | Noticed a seraph
 79838 | D:3      | Noticed Emigiaxu the pandemonium lord
 79932 | D:1      | Noticed Qoiruq the pandemonium lord
 79948 | D:1      | Killed from afar by Qoiruq the pandemonium lord

Illustrated notes

Levels and vault maps discovered:
D:1:      dpeg_arrival_rooms_b, layout_loops_corners,
          shapermc_ecumenical_altar_starsandcircs, minmay_tall_x
D:2:      layout_loops_corners, serial_forest, infiniplex_forest_straight_2,
          infiniplex_forest_clump_diagonal, infiniplex_forest_lined_1,
          infiniplex_forest_straight_4, infiniplex_forest_end_2,
          infiniplex_forest_clump_small, minmay_misc_feat_four_crosses,
          minmay_pentomino_r2
D:3:      layout_basic, worldfamousw_hep_ancestral_shrine,
          nicolae_overflow_hidden_temple, uniq_terence
D:4:      layout_layer_cave, nicolae_overflows_in_rows
D:5:      nicolae_cairo_tiling, layout_gridville, kennysheep_mini,
          grunt_ministairs_3, st_stairs_4, serial_bayou_lake_a
D:6:      layout_rooms, serial_glass, glass_columns_c, glass_columns_b,
          serial_shops, nicolae_take_the_stairs, nicolae_eternal_life,
          grunt_ministairs_6, uniq_maggie
D:7:      layout_loops_ring, lemuel_mausoleum_altar_kikubaaqudgha,
          minmay_temple_entry_mist, hangedman_decor_opposing, uniq_joseph
D:8:      layout_loops_ring, nicolae_phantomly_mirrored
D:9:      layout_basic, kennysheep_generic_room_3
D:10:     layout_roguey, erik_lair_dragon,
          kennysheep_orc_monster_closet_entryway, serial_ice, serial_ice_l,
          serial_ice_d, serial_ice_n, serial_ice_c, serial_shops,
          shop_fountains, uniq_urug, uniq_amaemon
D:11:     layout_cave_pools, grunt_ministairs_14, nicolae_where_there's_smoke,
          uniq_erica, uniq_gastronok
D:12:     minmay_octo_star, layout_loops_ring, uniq_jorgrun
D:13:     layout_basic, david_vaults_2, serial_ice, serial_ice_g, serial_ice_m,
          serial_ice_e, serial_ice_j, portal_ice_cave_entry_ice_simulacra,
          uniq_erolcha
D:14:     layout_cave_pools, minmay_staircase_statues_hall_large, uniq_frances
D:15:     hangedman_depths_entry_try_elsewhere_first, layout_cave_pools,
          minmay_misc_feat_hallway
Lair:1:   layout_gridlike
Lair:2:   layout_cave_pods, swamp_mist_pool, roderic_batcave
Lair:3:   layout_cave_pods, alex1729_snake_entry_snake, st_stairs_7
Lair:4:   layout_layer_cave, dpeg_slime_entry_enclosed, minivault_23,
          grunt_forest_large_clearings
Lair:5:   evilmike_catoblepas_cave, layout_loops_ring,
          eino_small_chamber_without_monster, uniq_rupert
Swamp:1:  layout_basic_swamp, evilmike_swamp_ruin_house_6
Swamp:2:  layout_falls_marsh, serial_swamp_ruin, evilmike_swamp_ruin_house_1,
          evilmike_swamp_ruin_house_2, swamp_pool_5, hangedman_swamp_lotus,
          hangedman_swamp_blocks, water_boxes_lemuel, uniq_mlioglotl
Swamp:3:  layout_basic_swamp, evilmike_swamp_ruin_house_4, uniq_nikola
Swamp:4:  grunt_swamp_rune_castle, layout_basic_swamp, swamp_pool_4,
          nicolae_swamp_round_clearing, nicolae_swamp_decorative_isthmus
Snake:1:  layout_grid_shapes, serial_shops, shop, nicolae_snake_omega,
          uniq_azrael
Snake:2:  layout_onion_interference, nicolae_letterblocks
          [nicolae_letter_subblock, nicolae_letter_subblock,
          nicolae_letter_subblock, nicolae_letter_subblock,
          nicolae_letter_subblock, nicolae_letter_subblock,
          nicolae_letter_subblock, nicolae_letter_subblock,
          nicolae_letter_subblock, nicolae_letter_subblock,
          nicolae_letter_subblock, nicolae_letter_subblock,
          nicolae_letter_subblock, nicolae_letter_subblock,
          nicolae_letter_subblock, nicolae_letter_subblock,
          nicolae_letter_subblock, nicolae_letter_subblock,
          nicolae_letter_subblock, nicolae_letter_subblock,
          nicolae_letter_subblock, nicolae_letter_subblock,
          nicolae_letter_subblock, nicolae_letter_subblock,
          nicolae_letter_subblock], uniq_vashnia
Snake:3:  layout_rooms, grunt_megastairs_3, lemuel_fruit_tree
Snake:4:  grunt_snake_rune_spirals, layout_onion_interference, basic_altar,
          nrook_loot_triangle, minmay_snake_pond, serial_bayou_shore_b,
          uniq_bai_suzhen
Orc:1:    layout_caves, basic_altar
Orc:2:    pf_orc_diabolical, layout_caves, serial_shops, shop, led_sif_book
Elf:1:    nicolae_elf_arrival_aired_out, layout_gridlike, minivault_28
Elf:2:    elven_hall_of_blades_hangedman_original [mumra_blade_entry_dagger],
          layout_gridlike, serial_shops, shop_statue
Elf:3:    elf_hall, layout_geoelf_grid, hangedman_elf_simple_split, minivault_5,
          minmay_misc_feat_cross
Vaults:1: portal_desolation_entry_holy_temple, ontoclasm_vaults_claustrophobia,
          vaults_standard_mumra_lines, nicolae_vaults_security_offices_1,
          nicolae_vaults_network_s, nicolae_vaults_storage_room_statues,
          ontoclasm_vaults_tryst, v_misc_10, vaults_dpeg_cross,
          nicolae_vaults_stepped_doors, nicolae_vaults_surprise_closet,
          ontoclasm_vaults_ligature, nicolae_vaults_specimen_jars,
          vaults_mumra_hex, layout_vaults_omnicross, serial_shops,
          nicolae_shop_real_fake_doors
Vaults:2: nicolae_vaults_two_Ls, minmay_crypt_entry_simple_corners,
          dpeg_vaults_monster_box, grunt_vaults_hallway_short,
          nicolae_vaults_storage_room_doors, hangedman_vaults_maws,
          serial_library_hellmonk_semicircle,
          nicolae_vaults_trapezoid_lopsided_1, vaults_mumra_chevron_long,
          hangedman_vaults_trim, layout_vaults_ring, uniq_zenata, uniq_aizul
Vaults:3: nicolae_vaults_little_squares_3, nicolae_vaults_big_ls,
          nicolae_vaults_house_1, vaults_mumra_minichess_inversion, v_misc_1,
          v_alt_pattern_6, v_misc_2, nicolae_vaults_trapezoid_lopsided_4,
          nicolae_vaults_tetromino_Z_2, grunt_vaults_twisty,
          nicolae_vaults_house_2, nicolae_vaults_little_squares_4,
          layout_vaults_big_room, uniq_mara
Vaults:4: nicolae_vaults_taking_the_gang_shopping,
          nicolae_vaults_storage_closets_2, v_alt_pattern_4,
          nicolae_vaults_network_star, v_misc_8, nicolae_vaults_puzzle_piece,
          grunt_vaults_focal, nicolae_vaults_doubleplus_tesselated,
          nicolae_vaults_house_1, nicolae_vaults_trapezoid_1,
          vaults_mumra_bighexcomb, vaults_room_grunt_arrival_ludios,
          ontoclasm_vaults_pinch, vaults_room_hallway, layout_vaults_omnibox
Vaults:5
Depths:1: layout_honeycomb, pf_vacation_house_of_asmodeus,
          nicolae_zig_zag_zippers, nicolae_vehumet_radiance
Depths:2: minmay_the_grid_3x2 [minmay_the_grid_rooms, minmay_the_grid_paths,
          minmay_the_grid_tree, minmay_the_grid_stretched_grid,
          minmay_the_grid_spikes, minmay_the_grid_prize_diamond_cup],
          layout_twisted_cross, enter_ziggurat_d, nemelex_diamond_rough_becter,
          nicolae_abyss_entry_one_way_or_another, hell_entry, pan_entry,
          serial_shops, nicolae_shop_gibbet_a_chance
Depths:3: minmay_containers, layout_gridville, minmay_hedge_maze, abyss_entry,
          hell_entry, minmay_crystal_box
Depths:4: grunt_twist_and_shout, layout_gridlike, hell_entry,
          chequers_big_river, uniq_margery
Zot:1:    layout_misc_corridors
Zot:2:    layout_cathedral_of_symmetry, bh_zot_lava_cross
Zot:3:    layout_onion
Zot:4:    layout_cathedral_of_symmetry, regret_index_zotdec_iron_s
Zot:5:    layout_gridlike, lemuel_golem_globe

Skill      XL: |  1  2  3  4  5  6  7  8  9 10 11 12 13 14 15 16 17 18 19 20 21 22 23 24 25 |
---------------+----------------------------------------------------------------------------+-----
Invocations    | 1 2 3 4 5 7 8 |  8.2
Armour         | 1 2 3 4 6 7 9 10 12 14 | 14.0
Fighting       | 5 6 7 9 11 | 11.3
Necromancy     | 5 7 8 10 12 14 15 17 19 20 | 20.8
Spellcasting   | 5 7 8 9 11 | 11.9
Ice Magic      | 7 9 |  9.0
Translocations | 2 3 6 8 |  8.8
Maces & Flails | 5 6 10 12 | 12.0
Summonings     | 3 4 6 11 13 | 13.0
Shields        | 4 5 8 9 10 11 13 14 | 14.9
Dodging        | 6 9 10 12 14 | 14.6
Conjurations   | 3 |  3.0
Earth Magic    | 5 |  5.7
Hexes          | 3 |  3.1
Evocations     | 5 12 | 12.0
Unarmed Combat | |  2.5
Fire Magic     | |  0.4

Action                     |  1- 3 |  4- 6 |  7- 9 | 10-12 | 13-15 | 16-18 | 19-21 | 22-24 | 25-27 || total
---------------------------+-------+-------+-------+-------+-------+-------+-------+-------+-------++-------
  Melee: Unarmed           |    44 |       |       |       |       |       |       |       |       ||    44
         Dagger            |   111 |   183 |   120 |       |       |       |       |       |       ||   414
         Halberd           |       |       |   283 |       |       |       |       |       |       ||   283
         Trident           |       |       |    66 |   280 |       |       |       |       |       ||   346
         Demon whip        |       |       |       |   443 |  1523 |   974 |  1286 |  1355 |   232 ||  5813
  Throw: Dart              |       |       |       |     2 |     2 |       |       |       |       ||     4
   Cast: Frozen Ramparts   |       |       |       |    47 |    37 |    27 |    17 |       |       ||   128
         Vampiric Draining |       |       |       |    55 |   133 |   128 |    34 |    18 |       ||   368
         Ozocubu's Armour  |       |       |       |     3 |    30 |    12 |       |       |       ||    45
         Blink             |       |       |       |     2 |     2 |     1 |     1 |     1 |     2 ||     9
         Apportation       |       |       |       |     2 |       |       |       |       |       ||     2
         Summon Ice Beast  |       |       |       |       |    27 |     6 |       |       |       ||    33
         Hailstorm         |       |       |       |       |    26 |    21 |       |       |       ||    47
         Martyr's Knell    |       |       |       |       |    13 |    39 |    18 |     3 |       ||    73
         Animate Dead      |       |       |       |       |     6 |    27 |    19 |    13 |     3 ||    68
         Fugue of the Fall |       |       |       |       |     1 |    19 |    21 |     5 |       ||    46
         Borgnjor's Vile C |       |       |       |       |       |    38 |    73 |   120 |    25 ||   256
         Death Channel     |       |       |       |       |       |    13 |    38 |    24 |    12 ||    87
         Anguish           |       |       |       |       |       |     2 |   104 |    62 |    10 ||   178
         Haunt             |       |       |       |       |       |       |       |    42 |    27 ||    69
 Invoke: Stomp             |       |    10 |    30 |    28 |    49 |     5 |    41 |    12 |     7 ||   182
         Grand Finale      |       |       |       |       |     1 |       |       |     3 |       ||     4
         Line Pass         |       |       |       |       |       |       |       |       |     1 ||     1
  Evoke: Wand              |       |       |     8 |    11 |    10 |    10 |     7 |    17 |     3 ||    66
         Phantom mirror    |       |       |       |     1 |     4 |     3 |     2 |       |     2 ||    12
         Tin of tremorston |       |       |       |       |       |       |       |     3 |     1 ||     4
         Box of beasts     |       |       |       |       |       |       |       |     1 |     1 ||     2
    Use: Scroll            |       |     2 |     1 |    16 |    26 |     6 |    12 |    17 |    11 ||    91
   Stab: Paralysed         |     1 |     5 |    41 |    65 |   121 |   106 |   131 |   106 |    23 ||   599
         Distracted        |       |       |       |       |     5 |    10 |    15 |    26 |    11 ||    67
 Armour: Robe              |    53 |       |       |       |       |       |       |       |       ||    53
         Scale mail        |    15 |   131 |   597 |   591 |   573 |   522 |   245 |   677 |   223 ||  3574
         Acid dragon scale |       |       |     4 |       |       |       |       |       |       ||     4
         Animal skin       |       |       |       |       |   335 |   213 |       |       |       ||   548
         Chain mail        |       |       |       |       |       |       |   432 |   214 |       ||   646
         Leather armour    |       |       |       |       |       |       |       |     8 |       ||     8
  Dodge: Dodged            |    73 |    77 |   398 |   393 |   428 |   425 |   456 |   502 |   112 ||  2864
  Block: Buckler           |       |       |       |   117 |   113 |       |       |       |       ||   230
         Kite shield       |       |       |       |       |   380 |   553 |   891 |  1003 |   288 ||  3115
         Reflection        |       |       |       |       |       |    13 |    48 |    64 |     7 ||   132

Table legend: (Time is in decaauts)
 A = Elapsed time spent in this place.
 B = Non-inter-level travel time spent in this place.
 C = Inter-level travel time spent in this place.
 D = Time resting spent in this place.
 E = Time spent auto-exploring this place.
 F = Levels seen in this place.
 G = Mean time per level.
                   A        B        C        D        E       F      G
               +--------+--------+--------+--------+--------+-----+--------+
         Total |  78606 |  72829 |   5777 |  17544 |  36536 |  48 | 1637.6 |
       Dungeon |  22059 |  19481 |   2578 |   4141 |  10312 |  15 | 1470.6 |
          Lair |  10321 |   9433 |    888 |   1715 |   6150 |   5 | 2064.2 |
         Swamp |   3401 |   3256 |    145 |    219 |   2137 |   4 |  850.2 |
     Snake Pit |   8835 |   8251 |    584 |   2782 |   3354 |   4 | 2208.8 |
  Orcish Mines |   2585 |   2336 |    249 |    698 |    909 |   2 | 1292.5 |
   Elven Halls |   5511 |   5285 |    226 |   1802 |   2347 |   3 | 1837.0 |
        Vaults |  10861 |  10335 |    526 |   2107 |   5081 |   5 | 2172.2 |
        Depths |   6131 |   5795 |    336 |   1205 |   2946 |   4 | 1532.8 |
           Zot |   7260 |   7017 |    243 |   2001 |   2969 |   5 | 1452.0 |
      Ice Cave |   1640 |   1640 |      0 |    872 |    330 |   1 | 1640.0 |
               +--------+--------+--------+--------+--------+-----+--------+

Top non-repeatable levels by time:
    D:10: 3309 daAuts
 Snake:1: 2937 daAuts
  Lair:5: 2798 daAuts
 Snake:4: 2715 daAuts
Vaults:1: 2575 daAuts
   Elf:3: 2433 daAuts
Depths:3: 2390 daAuts
  Lair:3: 2312 daAuts
Vaults:3: 2206 daAuts
Vaults:2: 2181 daAuts
   Zot:5: 2106 daAuts
   Elf:1: 2007 daAuts
Vaults:5: 2004 daAuts
     D:7: 1995 daAuts
   Orc:2: 1932 daAuts

Levels and vault maps discovered:
D:1:      dpeg_arrival_rooms_b, layout_loops_corners,
          shapermc_ecumenical_altar_starsandcircs, minmay_tall_x
D:2:      layout_loops_corners, serial_forest, infiniplex_forest_straight_2,
          infiniplex_forest_clump_diagonal, infiniplex_forest_lined_1,
          infiniplex_forest_straight_4, infiniplex_forest_end_2,
          infiniplex_forest_clump_small, minmay_misc_feat_four_crosses,
          minmay_pentomino_r2
D:3:      layout_basic, worldfamousw_hep_ancestral_shrine,
          nicolae_overflow_hidden_temple, uniq_terence
D:4:      layout_layer_cave, nicolae_overflows_in_rows
D:5:      nicolae_cairo_tiling, layout_gridville, kennysheep_mini,
          grunt_ministairs_3, st_stairs_4, serial_bayou_lake_a
D:6:      layout_rooms, serial_glass, glass_columns_c, glass_columns_b,
          serial_shops, nicolae_take_the_stairs, nicolae_eternal_life,
          grunt_ministairs_6, uniq_maggie
D:7:      layout_loops_ring, lemuel_mausoleum_altar_kikubaaqudgha,
          minmay_temple_entry_mist, hangedman_decor_opposing, uniq_joseph
D:8:      layout_loops_ring, nicolae_phantomly_mirrored
D:9:      layout_basic, kennysheep_generic_room_3
D:10:     layout_roguey, erik_lair_dragon,
          kennysheep_orc_monster_closet_entryway, serial_ice, serial_ice_l,
          serial_ice_d, serial_ice_n, serial_ice_c, serial_shops,
          shop_fountains, uniq_urug, uniq_amaemon
D:11:     layout_cave_pools, grunt_ministairs_14, nicolae_where_there's_smoke,
          uniq_erica, uniq_gastronok
D:12:     minmay_octo_star, layout_loops_ring, uniq_jorgrun
D:13:     layout_basic, david_vaults_2, serial_ice, serial_ice_g, serial_ice_m,
          serial_ice_e, serial_ice_j, portal_ice_cave_entry_ice_simulacra,
          uniq_erolcha
D:14:     layout_cave_pools, minmay_staircase_statues_hall_large, uniq_frances
D:15:     hangedman_depths_entry_try_elsewhere_first, layout_cave_pools,
          minmay_misc_feat_hallway
Lair:1:   layout_gridlike
Lair:2:   layout_cave_pods, swamp_mist_pool, roderic_batcave
Lair:3:   layout_cave_pods, alex1729_snake_entry_snake, st_stairs_7
Lair:4:   layout_layer_cave, dpeg_slime_entry_enclosed, minivault_23,
          grunt_forest_large_clearings
Lair:5:   evilmike_catoblepas_cave, layout_loops_ring,
          eino_small_chamber_without_monster, uniq_rupert
Swamp:1:  layout_basic_swamp, evilmike_swamp_ruin_house_6
Swamp:2:  layout_falls_marsh, serial_swamp_ruin, evilmike_swamp_ruin_house_1,
          evilmike_swamp_ruin_house_2, swamp_pool_5, hangedman_swamp_lotus,
          hangedman_swamp_blocks, water_boxes_lemuel, uniq_mlioglotl
Swamp:3:  layout_basic_swamp, evilmike_swamp_ruin_house_4, uniq_nikola
Swamp:4:  grunt_swamp_rune_castle, layout_basic_swamp, swamp_pool_4,
          nicolae_swamp_round_clearing, nicolae_swamp_decorative_isthmus
Snake:1:  layout_grid_shapes, serial_shops, shop, nicolae_snake_omega,
          uniq_azrael
Snake:2:  layout_onion_interference, nicolae_letterblocks
          [nicolae_letter_subblock, nicolae_letter_subblock,
          nicolae_letter_subblock, nicolae_letter_subblock,
          nicolae_letter_subblock, nicolae_letter_subblock,
          nicolae_letter_subblock, nicolae_letter_subblock,
          nicolae_letter_subblock, nicolae_letter_subblock,
          nicolae_letter_subblock, nicolae_letter_subblock,
          nicolae_letter_subblock, nicolae_letter_subblock,
          nicolae_letter_subblock, nicolae_letter_subblock,
          nicolae_letter_subblock, nicolae_letter_subblock,
          nicolae_letter_subblock, nicolae_letter_subblock,
          nicolae_letter_subblock, nicolae_letter_subblock,
          nicolae_letter_subblock, nicolae_letter_subblock,
          nicolae_letter_subblock], uniq_vashnia
Snake:3:  layout_rooms, grunt_megastairs_3, lemuel_fruit_tree
Snake:4:  grunt_snake_rune_spirals, layout_onion_interference, basic_altar,
          nrook_loot_triangle, minmay_snake_pond, serial_bayou_shore_b,
          uniq_bai_suzhen
Orc:1:    layout_caves, basic_altar
Orc:2:    pf_orc_diabolical, layout_caves, serial_shops, shop, led_sif_book
Elf:1:    nicolae_elf_arrival_aired_out, layout_gridlike, minivault_28
Elf:2:    elven_hall_of_blades_hangedman_original [mumra_blade_entry_dagger],
          layout_gridlike, serial_shops, shop_statue
Elf:3:    elf_hall, layout_geoelf_grid, hangedman_elf_simple_split, minivault_5,
          minmay_misc_feat_cross
Vaults:1: portal_desolation_entry_holy_temple, ontoclasm_vaults_claustrophobia,
          vaults_standard_mumra_lines, nicolae_vaults_security_offices_1,
          nicolae_vaults_network_s, nicolae_vaults_storage_room_statues,
          ontoclasm_vaults_tryst, v_misc_10, vaults_dpeg_cross,
          nicolae_vaults_stepped_doors, nicolae_vaults_surprise_closet,
          ontoclasm_vaults_ligature, nicolae_vaults_specimen_jars,
          vaults_mumra_hex, layout_vaults_omnicross, serial_shops,
          nicolae_shop_real_fake_doors
Vaults:2: nicolae_vaults_two_Ls, minmay_crypt_entry_simple_corners,
          dpeg_vaults_monster_box, grunt_vaults_hallway_short,
          nicolae_vaults_storage_room_doors, hangedman_vaults_maws,
          serial_library_hellmonk_semicircle,
          nicolae_vaults_trapezoid_lopsided_1, vaults_mumra_chevron_long,
          hangedman_vaults_trim, layout_vaults_ring, uniq_zenata, uniq_aizul
Vaults:3: nicolae_vaults_little_squares_3, nicolae_vaults_big_ls,
          nicolae_vaults_house_1, vaults_mumra_minichess_inversion, v_misc_1,
          v_alt_pattern_6, v_misc_2, nicolae_vaults_trapezoid_lopsided_4,
          nicolae_vaults_tetromino_Z_2, grunt_vaults_twisty,
          nicolae_vaults_house_2, nicolae_vaults_little_squares_4,
          layout_vaults_big_room, uniq_mara
Vaults:4: nicolae_vaults_taking_the_gang_shopping,
          nicolae_vaults_storage_closets_2, v_alt_pattern_4,
          nicolae_vaults_network_star, v_misc_8, nicolae_vaults_puzzle_piece,
          grunt_vaults_focal, nicolae_vaults_doubleplus_tesselated,
          nicolae_vaults_house_1, nicolae_vaults_trapezoid_1,
          vaults_mumra_bighexcomb, vaults_room_grunt_arrival_ludios,
          ontoclasm_vaults_pinch, vaults_room_hallway, layout_vaults_omnibox
Vaults:5
Depths:1: layout_honeycomb, pf_vacation_house_of_asmodeus,
          nicolae_zig_zag_zippers, nicolae_vehumet_radiance
Depths:2: minmay_the_grid_3x2 [minmay_the_grid_rooms, minmay_the_grid_paths,
          minmay_the_grid_tree, minmay_the_grid_stretched_grid,
          minmay_the_grid_spikes, minmay_the_grid_prize_diamond_cup],
          layout_twisted_cross, enter_ziggurat_d, nemelex_diamond_rough_becter,
          nicolae_abyss_entry_one_way_or_another, hell_entry, pan_entry,
          serial_shops, nicolae_shop_gibbet_a_chance
Depths:3: minmay_containers, layout_gridville, minmay_hedge_maze, abyss_entry,
          hell_entry, minmay_crystal_box
Depths:4: grunt_twist_and_shout, layout_gridlike, hell_entry,
          chequers_big_river, uniq_margery
Zot:1:    layout_misc_corridors
Zot:2:    layout_cathedral_of_symmetry, bh_zot_lava_cross
Zot:3:    layout_onion
Zot:4:    layout_cathedral_of_symmetry, regret_index_zotdec_iron_s
Zot:5:    layout_gridlike, lemuel_golem_globe

Table legend: (Time is in decaauts)
 A = Elapsed time spent in this place.
 B = Non-inter-level travel time spent in this place.
 C = Inter-level travel time spent in this place.
 D = Time resting spent in this place.
 E = Time spent auto-exploring this place.
 F = Levels seen in this place.
 G = Mean time per level.
                   A        B        C        D        E       F      G
               +--------+--------+--------+--------+--------+-----+--------+
         Total |  78606 |  72829 |   5777 |  17544 |  36536 |  48 | 1637.6 |
       Dungeon |  22059 |  19481 |   2578 |   4141 |  10312 |  15 | 1470.6 |
          Lair |  10321 |   9433 |    888 |   1715 |   6150 |   5 | 2064.2 |
         Swamp |   3401 |   3256 |    145 |    219 |   2137 |   4 |  850.2 |
     Snake Pit |   8835 |   8251 |    584 |   2782 |   3354 |   4 | 2208.8 |
  Orcish Mines |   2585 |   2336 |    249 |    698 |    909 |   2 | 1292.5 |
   Elven Halls |   5511 |   5285 |    226 |   1802 |   2347 |   3 | 1837.0 |
        Vaults |  10861 |  10335 |    526 |   2107 |   5081 |   5 | 2172.2 |
        Depths |   6131 |   5795 |    336 |   1205 |   2946 |   4 | 1532.8 |
           Zot |   7260 |   7017 |    243 |   2001 |   2969 |   5 | 1452.0 |
      Ice Cave |   1640 |   1640 |      0 |    872 |    330 |   1 | 1640.0 |
               +--------+--------+--------+--------+--------+-----+--------+

Top non-repeatable levels by time:
    D:10: 3309 daAuts
 Snake:1: 2937 daAuts
  Lair:5: 2798 daAuts
 Snake:4: 2715 daAuts
Vaults:1: 2575 daAuts
   Elf:3: 2433 daAuts
Depths:3: 2390 daAuts
  Lair:3: 2312 daAuts
Vaults:3: 2206 daAuts
Vaults:2: 2181 daAuts
   Zot:5: 2106 daAuts
   Elf:1: 2007 daAuts
Vaults:5: 2004 daAuts
     D:7: 1995 daAuts
   Orc:2: 1932 daAuts

Table legend:
 A = Kills in this place as a percentage of kills in the entire game.
 B = Kills by you in this place as a percentage of kills by you in the entire game.
 C = Kills by friends in this place as a percentage of kills by friends in the entire game.
 D = Other kills in this place as a percentage of other kills in the entire game.
 E = Experience gained in this place as a percentage of experience gained in the entire game.
 F = Experience gained in this place divided by the number of levels of this place that you have seen.
                   A       B       C       D       E      F
               +-------+-------+-------+-------+-------+----------------------
         Total | 100.0 | 100.0 | 100.0 | 100.0 | 100.0 | 26918.5
       Dungeon |  22.0 |  30.1 |   4.1 |   3.0 |   8.9 | 7653.5
          Lair |   8.4 |  11.6 |   1.2 |   0.0 |   4.3 | 11205.0
         Swamp |   5.4 |   3.0 |  12.7 |   0.0 |   5.0 | 16157.0
     Snake Pit |  11.0 |   8.0 |  20.5 |   2.0 |  11.1 | 35801.8
  Orcish Mines |   6.7 |   7.5 |   5.8 |   0.0 |   1.8 | 11831.5
   Elven Halls |   6.6 |   8.1 |   2.1 |   9.0 |   7.9 | 34038.0
        Vaults |  19.8 |  15.0 |  27.4 |  48.0 |  26.3 | 67869.8
        Depths |   8.6 |   5.4 |  14.8 |  22.0 |  13.2 | 42484.8
           Zot |   9.2 |   8.0 |  11.3 |  16.0 |  20.8 | 53684.6
      Ice Cave |   2.4 |   3.4 |   0.0 |   0.0 |   0.8 | 9937.0
               +-------+-------+-------+-------+-------+----------------------
